Workbook
Name UFPrn20030609170147: #REF!
Name UFPrn20030630154515: #REF!
Name UFPrn20030709133753: #REF!
Name UFPrn20030709133958: #REF!
Name UFPrn20030709151937: #REF!
Name UFPrn20030709152059: #REF!
Name UFPrn20030709152148: #REF!
Name UFPrn20030808141527: #REF!
Name UFPrn20031107153824: #REF!
Name UFPrn20031107153906: #REF!
Name UP: #REF!
Name 宝友累计_省: #REF!
Name 变动方式: #REF!
Name 部门名称: [1]部门名称!$B$2:$B$68
Name 财务: [2]部门名称!$B$2:$B$68
Name 费用类型: [2]部门名称!$F$8:$F$19
Name 加入: #REF!
Name 加入_区域: #REF!
Name 加入_省: #REF!
Name 科目: [3]科目名称1!$B$2:$B$222
Name 美白_省份: #REF!
Name 明细科目: [3]科目名称1!$B$2:$B$222
Name 年用款差异: #REF!
Name 人员变动性质: #REF!
Name 人员级别: #REF!
Name 项目名称: #REF!
Name 销售: #REF!
Name 销售_区域: #REF!
Name 销售_省: #REF!
Name 销售_省_宝友: #REF!
Name 业务活动内容: #REF!
Name 预算支出明细: #REF!
Name 月度成本: #REF!
Name 资金收支: [1]部门名称!$F$2:$F$4

Sheet 首页

Sheet 使用说明
N1: 返回首页

Sheet 2021年预算编制总表
B2: 总表 | G2: 返回首页
B3: 序号 | C3: 类别 | D3: 2021年预算 （万元） | E3: 2020年年度发生额 （万元） | F3: 2021年 VS2020年（%） | G3: 说明
B4: 一 | C4: 例常类 | D4: =E21 -> 118.984 | E4: =F21 -> 105.94 | F4: =IFERROR((D4-E4)/E4,"") -> 0.1231263 | G4: 人工、能源、差旅、低耗等例常费用
B5: 二 | C5: 尾款--设备采购 | D5: =E32 -> 0.5 | E5: =F32 -> 0 | F5: =IFERROR((D5-E5)/E5,"") | G5: 20年及以前年度已签订合同的尾款
B6: 三 | C6: 项目类 | D6: =E41 -> 5 | E6: =F41 -> 0 | F6: =IFERROR((D6-E6)/E6,"") | G6: 21年新增项目
C7: 小计 | D7: =SUM(D4:D6) -> 124.484 | E7: =SUM(E4:E6) -> 105.94 | F7: =IFERROR((D7-E7)/E7,"") -> 0.3702 | G7: =SUM(G4:G5) -> 0
B9: 分表
B10: 序号 | C10: 类别 | D10: 2021年工作计划 | E10: 2021年预算 （万元） | F10: 2020年年度发生额 （万元） | G10: 2021年 VS2020年（%） | H10: 说明
B11: 1 | C11: 工资及奖金 | D11: 管理人员及正式工人工资 | E11: ='1-例常类'!F3/10000 -> 65 | F11: ='1-例常类'!G3/10000 -> 50 | G11: =IFERROR((E11-F11)/F11,"") -> 0.3
B12: 2 | C12: 五险一金 | D12: 管理人员及正式工人五险一金 | E12: ='1-例常类'!F4/10000 -> 10 | F12: ='1-例常类'!G4/10000 -> 8.5 | G12: =IFERROR((E12-F12)/F12,"") -> 0.5294
B13: 3 | C13: 派遣人员 | D13: 派遣人员工资 | E13: ='1-例常类'!F5/10000 -> 10 | F13: ='1-例常类'!G5/10000 -> 5 | G13: =IFERROR((E13-F13)/F13,"") -> 1
B14: 4 | C14: 临时工费用 | D14: 临时工费用 | E14: ='1-例常类'!F6/10000 -> 1 | F14: ='1-例常类'!G6/10000 -> 0.8 | G14: =IFERROR((E14-F14)/F14,"") -> 0.25
B15: 5 | C15: 能源开支-水、电、气 | D15: 水电气支出 | E15: ='1-例常类'!F7/10000 -> 28.6 | F15: ='1-例常类'!G7/10000 -> 23 | G15: =IFERROR((E15-F15)/F15,"") -> 0.24347826
B16: 7 | C16: 低值易耗 | D16: 低耗劳保费用 | E16: ='1-例常类'!F8/10000 -> 1.35 | F16: ='1-例常类'!G8/10000 -> 15 | G16: =IFERROR((E16-F16)/F16,"") -> -0.91
B17: 8 | C17: 员工餐费 | D17: 餐费 | E17: ='1-例常类'!F9/10000 -> 2.6 | F17: ='1-例常类'!G9/10000 -> 2 | G17: =IFERROR((E17-F17)/F17,"") -> 0.3
B18: 9 | C18: 差旅费用 | D18: 出差事宜 | E18: ='1-例常类'!F10/10000 -> 0.294 | F18: ='1-例常类'!G10/10000 -> 1.5 | G18: =IFERROR((E18-F18)/F18,"") -> -0.804
B19: 10 | C19: 市内交通费 | D19: 按需发生 | E19: ='1-例常类'!F11/10000 -> 0.08 | F19: ='1-例常类'!G11/10000 -> 0.08 | G19: =IFERROR((E19-F19)/F19,"") -> 0
B20: 11 | C20: 邮寄费 | D20: 按需发生 | E20: ='1-例常类'!F12/10000 -> 0.06 | F20: ='1-例常类'!G12/10000 -> 0.06 | G20: =IFERROR((E20-F20)/F20,"") -> 0
B21: 一 | C21: 例常类合计 | E21: =SUM(E11:E20) -> 118.984 | F21: =SUM(F11:F20) -> 105.94 | G21: =IFERROR((E21-F21)/F21,"") -> 0.1231263
B22: 1 | C22: ='2-尾款类'!C5 -> 购买A设备质保金尾款 | D22: ='2-尾款类'!D5 -> 质保金5% | E22: ='2-尾款类'!F5 -> 0.5 | F22: 0 | G22: =IFERROR((E22-F22)/F22,"")
B23: 2 | C23: ='2-尾款类'!C6 -> 0 | D23: ='2-尾款类'!D6 -> 0 | E23: ='2-尾款类'!F6 -> 0 | G23: =IFERROR((E23-F23)/F23,"")
B24: 3 | C24: ='2-尾款类'!C7 -> 0 | D24: ='2-尾款类'!D7 -> 0 | E24: ='2-尾款类'!F7 -> 0 | G24: =IFERROR((E24-F24)/F24,"")
B25: 4 | C25: ='2-尾款类'!C8 -> 0 | D25: ='2-尾款类'!D8 -> 0 | E25: ='2-尾款类'!F8 -> 0 | G25: =IFERROR((E25-F25)/F25,"")
B26: 5 | C26: ='2-尾款类'!C9 -> 0 | D26: ='2-尾款类'!D9 -> 0 | E26: ='2-尾款类'!F9 -> 0 | G26: =IFERROR((E26-F26)/F26,"")
B27: 6 | C27: ='2-尾款类'!C10 -> 0 | D27: ='2-尾款类'!D10 -> 0 | E27: ='2-尾款类'!F10 -> 0 | G27: =IFERROR((E27-F27)/F27,"")
B28: 7 | C28: ='2-尾款类'!C11 -> 0 | D28: ='2-尾款类'!D11 -> 0 | E28: ='2-尾款类'!F11 -> 0 | G28: =IFERROR((E28-F28)/F28,"")
B29: 8 | C29: ='2-尾款类'!C12 -> 0 | D29: ='2-尾款类'!D12 -> 0 | E29: ='2-尾款类'!F12 -> 0 | G29: =IFERROR((E29-F29)/F29,"")
B30: 9 | C30: ='2-尾款类'!C13 -> 0 | D30: ='2-尾款类'!D13 -> 0 | E30: ='2-尾款类'!F13 -> 0 | G30: =IFERROR((E30-F30)/F30,"")
B31: 10 | C31: ='2-尾款类'!C14 -> 0 | D31: ='2-尾款类'!D14 -> 0 | E31: ='2-尾款类'!F14 -> 0 | G31: =IFERROR((E31-F31)/F31,"")
B32: 二 | C32: 尾款类合计 | E32: =SUM(E22:E31) -> 0.5 | F32: =SUM(F22:F31) -> 0 | G32: =IFERROR((E32-F32)/F32,"")
B33: 序号 | C33: 类别 | D33: 2021年工作计划 | E33: 2021年预算 （万元） | F33: 2020年年度发生额 （万元） | G33: 2021年 VS2020年（%） | H33: 说明
B34: 1 | C34: ='3-项目类'!C4 -> 购买B设备 | D34: ='3-项目类'!D4 -> 新增设备 | E34: ='3-项目类'!E4 -> 5 | F34: 0 | G34: =IFERROR((E34-F34)/F34,"")
B35: 2 | C35: ='3-项目类'!C5 -> 0 | D35: ='3-项目类'!D5 -> 0 | E35: ='3-项目类'!E5 -> 0 | G35: =IFERROR((E35-F35)/F35,"")
B36: 3 | C36: ='3-项目类'!C6 -> 0 | D36: ='3-项目类'!D6 -> 0 | E36: ='3-项目类'!E6 -> 0 | G36: =IFERROR((E36-F36)/F36,"")
B37: 4 | C37: ='3-项目类'!C7 -> 0 | D37: ='3-项目类'!D7 -> 0 | E37: ='3-项目类'!E7 -> 0 | G37: =IFERROR((E37-F37)/F37,"")
B38: 5 | C38: ='3-项目类'!C8 -> 0 | D38: ='3-项目类'!D8 -> 0 | E38: ='3-项目类'!E8 -> 0 | G38: =IFERROR((E38-F38)/F38,"")
B39: 6 | C39: ='3-项目类'!C10 -> 0 | D39: ='3-项目类'!D9 -> 0 | E39: ='3-项目类'!E9 -> 0 | G39: =IFERROR((E39-F39)/F39,"")
B40: 7 | C40: ='3-项目类'!C10 -> 0 | D40: ='3-项目类'!D10 -> 0 | E40: ='3-项目类'!E10 -> 0 | G40: =IFERROR((E40-F40)/F40,"")
B41: 三 | C41: 项目类合计 | E41: =SUM(E34:E40) -> 5 | F41: =SUM(F34:F40) -> 0 | G41: =IFERROR((E41-F41)/F41,"")
C42: 总计 | E42: =E21+E32+E41 -> 124.484 | F42: =F21+F32+F41 -> 105.94 | G42: =IFERROR((E42-F42)/F42,"") -> 0.3702

Sheet 1-例常类
A1: 返回总表 | M1: 返回首页
B2: 类别 | C2: 序号 | D2: 预算科目 | E2: 预算占比% | F2: 2021年预算 （元） | G2: 2020年年度发生额（元） | H2: 2021年 VS2020年（%） | I2: 说明 | J2: 一季度预算 | K2: 二季度 | L2: 三季度 | M2: 四季度
B3: 例常类 | C3: 1 | D3: 工资及奖金 | E3: =IFERROR(F3/$F$13,"") -> 0.54629194 | F3: =J3+K3+L3+M3 -> 650000 | G3: ='1.0-职工薪酬'!D4 -> 500000 | H3: =IFERROR((F3-G3)/G3,"") -> 0.3 | J3: ='1.0-职工薪酬'!F4 -> 130000 | K3: ='1.0-职工薪酬'!G4 -> 195000 | L3: ='1.0-职工薪酬'!H4 -> 195000 | M3: ='1.0-职工薪酬'!I4 -> 130000
C4: 2 | D4: 五险一金 | E4: =IFERROR(F4/$F$13,"") -> 0.084044914 | F4: =J4+K4+L4+M4 -> 100000 | G4: ='1.0-职工薪酬'!D5 -> 85000 | H4: =IFERROR((F4-G4)/G4,"") -> 0.5294 | J4: ='1.0-职工薪酬'!F5 -> 20000 | K4: ='1.0-职工薪酬'!G5 -> 30000 | L4: ='1.0-职工薪酬'!H5 -> 30000 | M4: ='1.0-职工薪酬'!I5 -> 20000
C5: 3 | D5: 派遣人员 | E5: =IFERROR(F5/$F$13,"") -> 0.084044914 | F5: =J5+K5+L5+M5 -> 100000 | G5: ='1.0-职工薪酬'!D6 -> 50000 | H5: =IFERROR((F5-G5)/G5,"") -> 1 | J5: ='1.0-职工薪酬'!F6 -> 20000 | K5: ='1.0-职工薪酬'!G6 -> 30000 | L5: ='1.0-职工薪酬'!H6 -> 30000 | M5: ='1.0-职工薪酬'!I6 -> 20000
C6: 4 | D6: 临时工费用 | E6: =IFERROR(F6/$F$13,"") -> 0.0084044914 | F6: =J6+K6+L6+M6 -> 10000 | G6: ='1.0-职工薪酬'!D7 -> 8000 | H6: =IFERROR((F6-G6)/G6,"") -> 0.25 | J6: ='1.0-职工薪酬'!F7 -> 0 | K6: ='1.0-职工薪酬'!G7 -> 5000 | L6: ='1.0-职工薪酬'!H7 -> 5000 | M6: ='1.0-职工薪酬'!I7 -> 0
C7: 5 | D7: 能源开支-水、电、气 | E7: =IFERROR(F7/$F$13,"") -> 0.24036845 | F7: =J7+K7+L7+M7 -> 286000 | G7: ='1.1-能源'!D5*10000 -> 230000 | H7: =IFERROR((F7-G7)/G7,"") -> 0.24347826 | J7: ='1.1-能源'!F5*10000 -> 57200 | K7: ='1.1-能源'!G5*10000 -> 71500 | L7: ='1.1-能源'!H5*10000 -> 85800 | M7: ='1.1-能源'!I5*10000 -> 71500
C8: 7 | D8: 生产用耗材、低耗及劳保 | E8: =IFERROR(F8/$F$13,"") -> 0.01469 | F8: =J8+K8+L8+M8 -> 13500 | G8: ='1.3-低值易耗'!D3 -> 150000 | H8: =IFERROR((F8-G8)/G8,"") -> -0.91 | J8: ='1.3-低值易耗'!G3 -> 3375 | K8: ='1.3-低值易耗'!H3 -> 3375 | L8: ='1.3-低值易耗'!I3 -> 3375 | M8: ='1.3-低值易耗'!J3 -> 3375
C9: 8 | D9: 员工餐费 | E9: =IFERROR(F9/$F$13,"") -> 0.02755 | F9: =J9+K9+L9+M9 -> 26000 | G9: ='1.2-员工餐费'!H4 -> 20000 | H9: =IFERROR((F9-G9)/G9,"") -> 0.3 | J9: ='1.2-员工餐费'!C4 -> 5000 | K9: ='1.2-员工餐费'!D4 -> 8000 | L9: ='1.2-员工餐费'!E4 -> 8000 | M9: ='1.2-员工餐费'!F4 -> 5000
C10: 9 | D10: 差旅费用 | E10: =IFERROR(F10/$F$13,"") -> 0.0024709205 | F10: =J10+K10+L10+M10 -> 2940 | G10: 15000 | H10: =IFERROR((F10-G10)/G10,"") -> -0.804 | J10: ='1.4-差旅'!K7 -> 0 | K10: ='1.4-差旅'!L7 -> 2940 | L10: ='1.4-差旅'!M7 -> 0 | M10: ='1.4-差旅'!N7 -> 0
C11: 10 | D11: 市内交通费 | E11: =IFERROR(F11/$F$13,"") -> 0 | F11: =J11+K11+L11+M11 -> 800 | G11: 800 | H11: =IFERROR((F11-G11)/G11,"") -> 0 | I11: 按需发生 | J11: 200 | K11: 200 | L11: 200 | M11: 200
C12: 11 | D12: 邮寄费 | E12: =IFERROR(F12/$F$13,"") -> 0 | F12: =J12+K12+L12+M12 -> 600 | G12: 600 | H12: =IFERROR((F12-G12)/G12,"") -> 0 | I12: 按需发生 | J12: 150 | K12: 150 | L12: 150 | M12: 150
D13: 例常类占比% | E13: =IFERROR(F13/$F$13,"") -> 1 | F13: =SUM(F3:F12) -> 1189840 | G13: =SUM(G3:G12) -> 1059400 | H13: =IFERROR((F13-G13)/G13,"") -> 0.1231263 | J13: =SUM(J3:J12) -> 235925 | K13: =SUM(K3:K12) -> 346165 | L13: =SUM(L3:L12) -> 357525 | M13: =SUM(M3:M12) -> 250225

Sheet 1.0-职工薪酬
B2: 返回总表 | E2: 季度分摊比例% | F2: 0.2 | G2: 0.3 | H2: 0.3 | I2: 0.2 | J2: 返回首页
B3: 预算科目 | C3: 21年预算额 | D3: 20年发生额 | E3: 同比变动% | F3: 一季度 | G3: 二季度 | H3: 三季度 | I3: 四季度 | J3: 说明
B4: 工资及奖金 | C4: =H16 -> 650000 | D4: 500000 | E4: =(C4-D4)/D4 -> 0.3 | F4: =$C4*F$2 -> 130000 | G4: =$C4*G$2 -> 195000 | H4: =$C4*H$2 -> 195000 | I4: =$C4*I$2 -> 130000 | J4: 正式工工资及奖金
B5: 五险一金 | C5: =I16 -> 100000 | D5: 85000 | E5: =(C5-D5)/D5 -> 0.5294 | F5: =$C5*F$2 -> 20000 | G5: =$C5*G$2 -> 30000 | H5: =$C5*H$2 -> 30000 | I5: =$C5*I$2 -> 20000 | J5: 正式工五险一金
B6: 派遣人员费用 | C6: =J16 -> 100000 | D6: 50000 | E6: =(C6-D6)/D6 -> 1 | F6: =$C6*F$2 -> 20000 | G6: =$C6*G$2 -> 30000 | H6: =$C6*H$2 -> 30000 | I6: =$C6*I$2 -> 20000 | J6: 劳务派遣工资、奖金、五险
B7: 临时工费用 | C7: 10000 | D7: 8000 | E7: =(C7-D7)/D7 -> 0.25 | G7: 5000 | H7: 5000
B8: 合计 | C8: =SUM(C4:C7) -> 860000 | D8: =SUM(D4:D7) -> 643000 | E8: =(C8-D8)/D8 -> 0.33748056 | F8: =SUM(F4:F7) -> 170000 | G8: =SUM(G4:G7) -> 260000 | H8: =SUM(H4:H7) -> 260000 | I8: =SUM(I4:I7) -> 170000 | J8: =SUM(J4:J6) -> 0
B10: 明细
B11: 部门名称 | C11: 2020年绩效工资 | D11: 20年固定工资预算 | E11: 20年五险一金 | F11: 绩效奖金 （19年） | G11: 21年预算合计 | H11: 正式工（工资及奖金） | I11: 正式工（五险一金） | J11: 劳务派遣（工资、奖金、五险）
B12: 制造中心 | C12: 500000 | D12: 200000 | E12: 100000 | F12: 50000 | G12: =SUM(C12:F12) -> 850000 | H12: 650000 | I12: 100000 | J12: 100000
G13: =SUM(C13:F13) -> 0
G14: =SUM(C14:F14) -> 0
G15: =SUM(C15:F15) -> 0
B16: 总计 | C16: =SUM(C12:C15) -> 500000 | D16: =SUM(D12:D15) -> 200000 | E16: =SUM(E12:E15) -> 100000 | F16: =SUM(F12:F15) -> 50000 | G16: =SUM(G12:G15) -> 850000 | H16: =SUM(H12:H15) -> 650000 | I16: =SUM(I12:I15) -> 100000 | J16: =SUM(J12:J15) -> 100000

Sheet 1.1-能源
B2: 返回总表 | E2: 2020年支付比例 | F2: 0.2 | G2: 0.25 | H2: 0.3 | I2: 0.25 | K2: 返回首页
B3: 业务活动 | C3: 2021年度预算汇总(万元) | D3: 2020年度预算完成(万元) | E3: 2021年 VS2020年（%） | F3: 1季度 | G3: 2季度 | H3: 3季度 | I3: 4季度
F4: 金额（万元） | G4: 金额（万元） | H4: 金额（万元） | I4: 金额（万元）
B5: 能源开支-水、电、气 | C5: =IFERROR((C12+D12+E12)/10000,"") -> 28.6 | D5: 23 | E5: =IFERROR((C5-D5)/D5,"") -> 0.24347826 | F5: =IFERROR($C$5*F2,"") -> 5.72 | G5: =IFERROR($C$5*G2,"") -> 7.15 | H5: =IFERROR($C$5*H2,"") -> 8.58 | I5: =IFERROR($C$5*I2,"") -> 7.15
B6: 月均能源费 | C6: =IFERROR(C5/12,"") -> 2.3833333 | D6: =D5/12 -> 1.967 | E6: =(C6-D6)/D6 -> 0.24347826
B8: 名称 | C8: 电费（元） | D8: 水费（元） | E8: 蒸气费（元） | F8: 说明
B9: 2020年能源费（元） | C9: 100000 | D9: 50000 | E9: 80000
B10: 2020年产量（盒） | C10: 100000
B11: 2021年产量（盒） | C11: =C10*1.3 -> 130000 | F11: 同比上涨30%
B12: 2020年能源预算 | C12: =IFERROR(C9/$C$10*$C$11*0.9,"") -> 117000 | D12: =IFERROR(D9/$C$10*$C$11,"") -> 65000 | E12: =IFERROR(E9/$C$10*$C$11,"") -> 104000
B13: 说明：因用电量公共设施部分会随着产量增长而摊薄，故电费九折计算。
B14: 历史数据
B15: 2020年能源费用 | C15: 1月 | D15: 2月 | E15: 3月 | F15: 4月 | G15: 5月 | H15: 6月 | I15: 7月 | J15: 8月 | K15: 9月 | L15: 10月 | M15: 11月 | N15: 12月 | O15: 年度合计
B16: 电 | O16: =SUM(C16:N16) -> 0
B17: 水 | O17: =SUM(C17:N17) -> 0
B18: 蒸气 | O18: =SUM(C18:N18) -> 0
B19: 合计 | C19: =SUM(C16:C18) -> 0 | D19: =SUM(D16:D18) -> 0 | E19: =SUM(E16:E18) -> 0 | F19: =SUM(F16:F18) -> 0 | G19: =SUM(G16:G18) -> 0 | H19: =SUM(H16:H18) -> 0 | I19: =SUM(I16:I18) -> 0 | J19: =SUM(J16:J18) -> 0 | ... O19: =SUM(O16:O18) -> 0
B20: 季度费用 | E20: =(C19+D19+E19) -> 0 | H20: =(F19+G19+H19) -> 0 | K20: =(I19+J19+K19) -> 0 | N20: =(L19+M19+N19) -> 0
B21: 比例% | E21: =IFERROR(E20/$O$19,"") | H21: =IFERROR(H20/$O$19,"") | K21: =IFERROR(K20/$O$19,"") | N21: =IFERROR(N20/$O$19,"")

Sheet 1.2-员工餐费
B2: 返回总表 | I2: 返回首页
B3: 科目 | C3: 第一季度 | D3: 第二季度 | E3: 第三季度 | F3: 第四季度 | G3: 21年预算合计（元） | H3: 20年费用合计 | I3: 同比变动%
B4: 员工餐费 | C4: 5000 | D4: 8000 | E4: 8000 | F4: 5000 | G4: =C4+D4+E4+F4 -> 26000 | H4: 20000 | I4: =IFERROR((G4-H4)/H4,"") -> 0.3
B6: 20年明细
B7: 项目 | C7: 业务 | D7: 季度 | E7: 月份 | F7: 预算日期 | G7: 执行金额 | H7: 用途内容

Sheet 1.3-低值易耗
A1: 返回总表 | J1: 返回首页
B2: 预算科目 | C2: 2021年预算 （元） | D2: 2020年年度发生额 | E2: 2021年 VS2020年（%） | F2: 说明 | G2: 一季度 | H2: 二季度 | I2: 三季度 | J2: 四季度
B3: 低值易耗 | C3: =G3+H3+I3+J3 -> 13500 | D3: 150000 | E3: =IFERROR((C3-D3)/D3,"") -> -0.91 | G3: =I25 -> 3375 | H3: =J25 -> 3375 | I3: =K25 -> 3375 | J3: =L25 -> 3375
B5: 明细
B6: 编码 | C6: 名称 | D6: 期末库存 | E6: 2020年用量 | F6: 单价（元） | G6: 2021年预计用量 | H6: 预算额（元） | I6: 一季度 | J6: 二季度 | K6: 三季度 | L6: 四季度 | M6: 说明
B7: DH00001 | C7: 劳保鞋 | D7: 10 | E7: 80 | F7: 150 | G7: 100 | H7: =(G7-D7)*F7 -> 13500 | I7: =$H7/4 -> 3375 | J7: =$H7/4 -> 3375 | K7: =$H7/4 -> 3375 | L7: =$H7/4 -> 3375
H8: =(G8-D8)*F8 -> 0 | I8: =$H8/4 -> 0 | J8: =$H8/4 -> 0 | K8: =$H8/4 -> 0 | L8: =$H8/4 -> 0
H9: =(G9-D9)*F9 -> 0 | I9: =$H9/4 -> 0 | J9: =$H9/4 -> 0 | K9: =$H9/4 -> 0 | L9: =$H9/4 -> 0
H10: =(G10-D10)*F10 -> 0 | I10: =$H10/4 -> 0 | J10: =$H10/4 -> 0 | K10: =$H10/4 -> 0 | L10: =$H10/4 -> 0
H11: =(G11-D11)*F11 -> 0 | I11: =$H11/4 -> 0 | J11: =$H11/4 -> 0 | K11: =$H11/4 -> 0 | L11: =$H11/4 -> 0
H12: =(G12-D12)*F12 -> 0 | I12: =$H12/4 -> 0 | J12: =$H12/4 -> 0 | K12: =$H12/4 -> 0 | L12: =$H12/4 -> 0
H13: =(G13-D13)*F13 -> 0 | I13: =$H13/4 -> 0 | J13: =$H13/4 -> 0 | K13: =$H13/4 -> 0 | L13: =$H13/4 -> 0
H14: =(G14-D14)*F14 -> 0 | I14: =$H14/4 -> 0 | J14: =$H14/4 -> 0 | K14: =$H14/4 -> 0 | L14: =$H14/4 -> 0
H15: =(G15-D15)*F15 -> 0 | I15: =$H15/4 -> 0 | J15: =$H15/4 -> 0 | K15: =$H15/4 -> 0 | L15: =$H15/4 -> 0
H16: =(G16-D16)*F16 -> 0 | I16: =$H16/4 -> 0 | J16: =$H16/4 -> 0 | K16: =$H16/4 -> 0 | L16: =$H16/4 -> 0
H17: =(G17-D17)*F17 -> 0 | I17: =$H17/4 -> 0 | J17: =$H17/4 -> 0 | K17: =$H17/4 -> 0 | L17: =$H17/4 -> 0
H18: =(G18-D18)*F18 -> 0 | I18: =$H18/4 -> 0 | J18: =$H18/4 -> 0 | K18: =$H18/4 -> 0 | L18: =$H18/4 -> 0
H19: =(G19-D19)*F19 -> 0 | I19: =$H19/4 -> 0 | J19: =$H19/4 -> 0 | K19: =$H19/4 -> 0 | L19: =$H19/4 -> 0
... H24: =(G24-D24)*F24 -> 0 | I24: =$H24/4 -> 0 | J24: =$H24/4 -> 0 | K24: =$H24/4 -> 0 | L24: =$H24/4 -> 0
B25: 合计： | H25: =SUM(H7:H24) -> 13500 | I25: =SUM(I7:I24) -> 3375 | J25: =SUM(J7:J24) -> 3375 | K25: =SUM(K7:K24) -> 3375 | L25: =SUM(L7:L24) -> 3375 | M25: =SUM(M7:M24) -> 0

Sheet 1.4-差旅
A1: 返回总表 | N1: 返回首页
B2: 差旅费用-员工出差备用金
B3: 工作内容 | C3: 项目 | D3: 地点 | E3: 天数（天） | F3: 补助（元） | G3: 住宿费（元） | H3: 交通费（元） | I3: 合计（元） | J3: 备注 | K3: 一季度预算 | L3: 二季度预算 | M3: 三季度预算 | N3: 四季度预算
B4: 差旅费用-员工出差备用金 | C4: 参加设备展会 | D4: 武汉 | E4: 2 | F4: =E4*(120+150) -> 540 | G4: 400 | H4: 2000 | I4: =SUM(F4:H4) -> 2940 | J4: 内容：参加**会；地点：***；人数：*人，天数*天 预计费用：交通合计**元，住宿合计**元，补助合计**元。 | L4: =I4 -> 2940
B5: 差旅费用-员工出差备用金 | F5: =E5*(120+150) -> 0 | I5: =SUM(F5:H5)/10000 -> 0
B6: 差旅费用-员工出差备用金 | F6: =E6*(120+150) -> 0 | I6: =SUM(F6:H6)/10000 -> 0
B7: 合计 | E7: =SUM(E4:E6) -> 2 | F7: =SUM(F4:F6) -> 540 | G7: =SUM(G4:G6) -> 400 | H7: =SUM(H4:H6) -> 2000 | I7: =SUM(I4:I6) -> 2940 | K7: =SUM(K4:K6) -> 0 | L7: =SUM(L4:L6) -> 2940 | M7: =SUM(M4:M6) -> 0 | N7: =SUM(N4:N6) -> 0
B9: 说明： | C9: 出差补助，1人1天120元，部门经理150元/天，住宿按400元/间/天标准

Sheet 2-尾款类
A1: 返回总表 | N1: 返回首页
B2: 设备尾款
B3: 项目名称 | C3: 名称 | D3: 业务活动 | E3: 占比% | F3: 2021年度预算汇总(万元) | G3: 1季度 | I3: 2季度 | K3: 3季度 | M3: 4季度
G4: 金额（万元） | H4: 计划 | I4: 金额（万元） | J4: 计划 | K4: 金额（万元） | L4: 计划 | M4: 金额（万元） | N4: 计划
B5: 2021年尾款-设备采购 | C5: 购买A设备质保金尾款 | D5: 质保金5% | E5: =IFERROR(F5/$F$15,"") -> 1 | F5: =G5+I5+K5+M5 -> 0.5 | G5: 0.5 | H5: 质保金尾款
E6: =IFERROR(F6/$F$15,"") -> 0 | F6: =G6+I6+K6+M6 -> 0
E7: =IFERROR(F7/$F$15,"") -> 0 | F7: =G7+I7+K7+M7 -> 0
E8: =IFERROR(F8/$F$15,"") -> 0 | F8: =G8+I8+K8+M8 -> 0
E9: =IFERROR(F9/$F$15,"") -> 0 | F9: =G9+I9+K9+M9 -> 0
E10: =IFERROR(F10/$F$15,"") -> 0 | F10: =G10+I10+K10+M10 -> 0
E11: =IFERROR(F11/$F$15,"") -> 0 | F11: =G11+I11+K11+M11 -> 0
E12: =IFERROR(F12/$F$15,"") -> 0 | F12: =G12+I12+K12+M12 -> 0
E13: =IFERROR(F13/$F$15,"") -> 0 | F13: =G13+I13+K13+M13 -> 0
E14: =IFERROR(F14/$F$15,"") -> 0 | F14: =G14+I14+K14+M14 -> 0
E15: =IFERROR(F15/$F$15,"") -> 1 | F15: =SUM(F5:F14) -> 0.5 | G15: =SUM(G5:G14) -> 0.5 | H15: =SUM(H5:H14) -> 0 | I15: =SUM(I5:I14) -> 0 | J15: =SUM(J5:J14) -> 0 | K15: =SUM(K5:K14) -> 0 | L15: =SUM(L5:L14) -> 0 | M15: =SUM(M5:M14) -> 0 | N15: =SUM(N5:N14) -> 0

Sheet 3-项目类
A1: 返回总表 | J1: 返回首页
B2: 项目类预算
B3: 科目 | C3: 名称 | D3: 工作计划 | E3: 预算合计（万元） | F3: 一季度 | G3: 二季度 | H3: 三季度 | I3: 四季度 | J3: 说明
B4: 项目类 | C4: 购买B设备 | D4: 新增设备 | E4: =F4+G4+H4+I4 -> 5 | F4: 5
E5: =F5+G5+H5+I5 -> 0
E6: =F6+G6+H6+I6 -> 0
E7: =F7+G7+H7+I7 -> 0
E8: =F8+G8+H8+I8 -> 0
E9: =F9+G9+H9+I9 -> 0
E10: =F10+G10+H10+I10 -> 0
C11: 合计 | E11: =SUM(E4:E10) -> 5 | F11: =SUM(F4:F10) -> 5 | G11: =SUM(G4:G10) -> 0 | H11: =SUM(H4:H10) -> 0 | I11: =SUM(I4:I10) -> 0
